 Dungeon Crawl Stone Soup version 0.25.1-2-g60ff931df9 (webtiles) character file.

Game seed: 5696939954241303080

34048 lorenzova the Eclecticist (level 13, -8/63 HPs)
             Began as a Deep Elf Conjurer on Oct 13, 2020.
             Was a High Priest of Vehumet.
             Mangled by a four-headed hydra (11 damage)
             ... on level 5 of the Lair of Beasts.
             The game lasted 00:48:05 (19262 turns).

lorenzova the Eclecticist (Deep Elf Conjurer)      Turns: 19262, Time: 00:48:05

Health: -8/63      AC:  0    Str: 10    XL:     13   Next: 40%
Magic:  27/35      EV: 12    Int: 26    God:    Vehumet [*****.]
Gold:   1384       SH:  0    Dex: 15    Spells: 4/44 levels left

rFire    + . .     SeeInvis .   l - +7 scythe (vorpal)
rCold    . . .     Gourm    .   (shield currently unavailable)
rNeg     . . .     Faith    .   E - +0 leather armour (curse)
rPois    .         Spirit   .   o - +0 helmet
rElec    .         Reflect  .   J - scarf {+Inv}
rCorr    +         Harm     .   a - -7 pair of gloves "Pota Iffadd" {rCorr Str+5}
MR       +....                  q - +1 pair of boots
Stlth    ++........             x - amulet of regeneration
HPRegen  0.60/turn              H - ring of protection from cold
MPRegen  0.24/turn              w - ring of fire

@: no status effects
A: no striking features
a: Renounce Religion, Evoke Invisibility


You were on level 5 of the Lair of Beasts.
You worshipped Vehumet.
Vehumet was extremely pleased with you.
You were hungry.

You visited 3 branches of the dungeon, and saw 18 of its levels.

You collected 1611 gold pieces.
You spent 227 gold pieces at shops.

Inventory:

Hand Weapons
 l - a +7 vorpal scythe (weapon)
Armour
 a - the -7 pair of gloves "Pota Iffadd" (worn) {rCorr Str+5}
   (You found it on level 2 of the Lair of Beasts)

   It affects your strength (+5).
   It provides partial protection from all sources of acid and corrosion.
 h - a +1 leather armour
 o - a +0 helmet (worn)
 q - a +1 pair of boots (worn)
 E - a cursed +0 leather armour (worn)
 J - a scarf of invisibility (worn)
Jewellery
 v - an uncursed ring of protection from fire
 w - a ring of fire (right hand)
 x - an amulet of regeneration (around neck)
 H - a ring of protection from cold (left hand)
 L - a +4 ring of slaying
Wands
 y - a wand of flame (10)
 z - a wand of acid (18)
 I - a wand of disintegration (17)
Scrolls
 d - 2 scrolls of amnesia
 f - 6 scrolls of teleportation
 j - 13 scrolls of remove curse
 k - 4 scrolls of magic mapping
 m - 4 scrolls of enchant armour
 n - 3 scrolls of enchant weapon
 u - 7 scrolls of fear
 C - 2 scrolls of fog
 F - 3 scrolls of blinking
 M - a scroll of identify
Potions
 b - 2 potions of ambrosia
 e - 8 potions of curing
 g - a potion of brilliance
 i - 4 potions of haste
 p - 3 potions of flight
 r - 2 potions of cancellation
 s - 2 potions of invisibility
 t - a potion of magic
 A - 4 potions of berserk rage {unknown}
 B - 2 potions of mutation {unknown}
 D - 3 potions of heal wounds
 G - a potion of resistance {unknown}
 K - 3 potions of lignification {unknown}
Comestibles
 c - 27 rations


   Skills:
 - Level 2.4 Dodging
 - Level 2.4 Stealth
 * Level 16.4 Spellcasting
 * Level 14.5 Conjurations
 - Level 9.0 Hexes
 + Level 0.9 Summonings
 - Level 6.0 Translocations
 * Level 11.4 Fire Magic
 + Level 0.5 Air Magic


You had 4 spell levels left.
You knew the following spells:

 Your Spells              Type           Power        Failure   Level  Hunger
a - Magic Dart            Conj           ####         0%          1    None
b - Searing Ray           Conj           ######       0%          2    None
c - Iskenderun's Mystic   Conj/Tloc      ######..     1%          4    None
d - Fulminant Prism       Conj/Hex       ######....   1%          4    None
e - Foxfire               Conj/Fire      ####         0%          1    None
f - Fireball              Conj/Fire      #######...   1%          5    None
g - Swiftness             Chrm/Air       ###.....     4%          2    None
i - Spellforged Servitor  Conj/Summ      ######....   28%         7    #####..
l - Lightning Bolt        Conj/Air       ######....   1%          5    None
p - Blink                 Tloc           N/A          1%          2    None
s - Sticky Flame          Conj/Fire      #######.     1%          4    None
x - Conjure Flame         Conj/Fire      #######.     1%          3    None

Your spell library contained the following spells:

 Spells                   Type           Power        Failure   Level  Hunger
 Sandblast                Erth           ###...       1%          1    None
 Shock                    Conj/Air       ####         1%          1    None
 Slow                     Hex            ######..     1%          2    None
 Confusing Touch          Hex            ######..     1%          3    None
 Dazzling Flash           Conj/Hex       ######       1%          3    None
 Gell's Gravitas          Tloc           ######....   1%          3    None
 Inner Flame              Hex/Fire       #######.     1%          3    None
 Mephitic Cloud           Conj/Pois/Air  #####...     1%          3    None
 Static Discharge         Conj/Air       ######..     1%          3    None
 Stone Arrow              Conj/Erth      ######       1%          3    None
 Summon Guardian Golem    Hex/Summ       #####...     1%          3    None
 Cause Fear               Hex            ######....   1%          4    None
 Summon Small Mammal      Summ           ####         2%          1    None
 Call Imp                 Summ           ####....     3%          2    None
 Passwall                 Tmut/Erth      ###.....     4%          2    None
 Call Canine Familiar     Summ           ####....     7%          3    None
 Airstrike                Air            ###.......   7%          4    None
 Summon Lightning Spire   Summ/Air       ####....     24%         4    None
 Summon Ice Beast         Ice/Summ       ###.....     26%         4    None
 Petrify                  Tmut/Erth      ###.....     32%         4    None
 Yara's Violent Unravell  Hex/Tmut       #####.....   4%          5    None
 Silence                  Hex/Air        #####.....   13%         5    None
 Metabolic Englaciation   Hex/Ice        #####.....   14%         5    None
 Lee's Rapid Deconstruct  Erth           ###.......   22%         5    None
 Discord                  Hex            ######....   99%         8    #######


Dungeon Overview and Level Annotations

Branches:
Dungeon (11/15)            Temple (1/1) D:4            Lair (6/6) D:10
 Shoals (0/4) Lair:4       Spider (0/4) Lair:4        Slime (0/5) Lair:5
    Orc (0/2) D:11

Altars:
Cheibriados
Fedhas
Kikubaaqudgha
Okawaru
Qazlal
Ru
Uskayaw
Vehumet
Wu Jian
Xom
Yredelemnul
Zin

Shops:
D:8 *   D:9 *

Annotations:
Lair:2 2 transporters, lorenzova's ghost, journeyman DECj
Lair:3 1 runed translucent door, Befuwnopp's ghost, journeyman TrHu


Message History

The plant is lightly damaged.
The mystic blast hits the four-headed hydra!
The four-headed hydra is lightly wounded.
The four-headed hydra roars!
The four-headed hydra bites you! The four-headed hydra bites you.
The four-headed hydra bites you!! The four-headed hydra bites you!
Casting: Iskenderun's Mystic Blast (safe; 1% risk of failure)
Confirm with . or Enter, or press ? or * to list all spells.
You erupt in a blast of force!
The mystic blast hits the plant!
The plant is heavily damaged.
The mystic blast hits the plant!
The plant is moderately damaged.
The mystic blast hits the four-headed hydra!
The four-headed hydra is moderately wounded.
The four-headed hydra bites you!
* * * LOW HITPOINT WARNING * * *
The four-headed hydra completely misses you.
The four-headed hydra closely misses you.
The four-headed hydra bites you!
You die...

..###....'..÷≈≈#≈≈...........P#..
.## #....#P...≈#≈P.......#....#.#
..# ##...#8....#≈.....P..#.P..#.#
..# ##..##.<.P#.P.♣...PP#♣.....#
.#######..#######++##..PP#P....##
..P##.....#$[ #♣......PP#.......
..##P.....#... #P.......P.....#..
..###...P##....#P.............#..
........###....D@........#P♣..#..
.........############..########..
.........###.....................
.......##.##..........#####.....P
..........##.........P# #........
..##.#...(...........## ####P....
#..####.............## ###.PP..#
#### #.#............####....P###
#...............##..P...#


You could see a four-headed hydra.

Vanquished Creatures
  3 hydras
  2 catoblepae
  A death yak (Lair:6)
  An unseen horror (D:11)
  The ghost of lepoulpe303 the Skirmisher, a novice DrHu (D:7)
  4 oklob plants (Lair:5)
  2 ugly things (D:11)
  7 elephants
  8 spiny frogs
  7 black mambas
  A centaur skeleton (D:11)
  3 komodo dragons
  A troll (D:10)
  4 hornets
  A polar bear (Lair:4)
  6 jumping spiders (Lair:4)
  6 blink frogs
  2 slime creatures (D:9)
  8 hippogriffs
  A snapping turtle (Lair:4)
  4 wyverns
  A redback (Lair:4)
  Sigmund (D:2)
  A wraith (D:10)
  3 basilisks (Lair:4)
  13 yaks
  2 hungry ghosts
  Menkaure (D:5)
  17 water moccasins
  5 porcupines
  A black bear (D:8)
  3 orc warriors
  7 ice beasts
  2 ogres
  3 sky beasts
  2 phantoms
  6 centaurs
  6 wolves (Lair:6)
  13 crocodiles
  A big kobold (D:10)
  15 bullfrogs
  5 scorpions
  A water moccasin skeleton (D:5)
  4 killer bees (D:10)
  5 wights (D:10)
  A howler monkey (D:5)
  An electric eel (D:10)
  4 crimson imps
  2 centaur zombies
  6 jellies
  7 orc priests
  3 hounds
  3 bullfrog skeletons
  4 iguanas
  8 worker ants
  8 orc wizards
  A killer bee simulacrum (D:7)
  Robin (D:2)
  A worker ant zombie (D:10)
  4 gnolls (D:8)
  9 adders
  A hound simulacrum (D:7)
  3 shadow imps (D:6)
  3 white imps (D:7)
  9 oozes
  An adder zombie (D:5)
  4 worms
  5 dart slugs
  4 leopard geckos
  38 orcs
  8 bats
  6 giant cockroaches
  20 goblins
  10 hobgoblins
  6 jackals
  4 quokkas
  A ball python (D:8)
  A ball python skeleton (D:6)
  3 frilled lizards
  16 kobolds
  A leopard gecko simulacrum (D:7)
  A quokka zombie (D:5)
  3 rats
  9 plants
411 creatures vanquished.

Vanquished Creatures (others)
  3 yaks (Lair:5)
  57 fulminant prisms
  13 fungi
  42 plants
115 creatures vanquished.

Grand Total: 526 creatures vanquished

Notes
Turn   | Place    | Note
-------+----------+-------------------------------------------
     0 | D:1      | lorenzova the Deep Elf Conjurer began the quest for the
                  | Orb.
     0 | D:1      | Reached XP level 1. HP: 10/10 MP: 6/6
   259 | D:1      | Reached XP level 2. HP: 15/15 MP: 1/8
   332 | D:1      | Learned a level 2 spell: Searing Ray
   801 | D:2      | Reached skill level 4 in Spellcasting
   913 | D:2      | Reached skill level 5 in Conjurations
   913 | D:2      | Reached XP level 3. HP: 19/19 MP: 8/10
  1578 | D:2      | Noticed Sigmund
  1583 | D:2      | Killed Sigmund
  1583 | D:2      | Reached skill level 5 in Spellcasting
  1583 | D:2      | Reached XP level 4. HP: 24/24 MP: 7/13
  1583 | D:2      | Reached XP level 5. HP: 28/28 MP: 8/15
  1594 | D:2      | Noticed Robin
  1599 | D:2      | Killed Robin
  1599 | D:2      | Reached skill level 6 in Spellcasting
  2381 | D:3      | Reached XP level 6. HP: 32/32 MP: 7/17
  2921 | D:3      | Learned a level 4 spell: Iskenderun's Mystic Blast
  2926 | D:3      | Learned a level 4 spell: Fulminant Prism
  3084 | D:4      | Reached skill level 7 in Spellcasting
  3088 | D:4      | Reached skill level 1 in Hexes
  3088 | D:4      | Reached skill level 1 in Translocations
  3088 | D:4      | Reached XP level 7. HP: 24/36 MP: 7/19
  3908 | D:4      | Found a staircase to the Ecumenical Temple.
  4173 | Temple   | Entered the Ecumenical Temple
  4179 | Temple   | Became a worshipper of Vehumet
  4253 | D:5      | Entered Level 5 of the Dungeon
  4328 | D:5      | Noticed Menkaure
  4332 | D:5      | Killed Menkaure
  4346 | D:5      | Reached skill level 8 in Spellcasting
  4863 | D:5      | Reached XP level 8. HP: 41/41 MP: 16/22
  5332 | D:6      | Found a snail-covered altar of Cheibriados.
  5646 | D:6      | Reached skill level 9 in Spellcasting
  5649 | D:6      | Reached * piety under Vehumet
  5649 | D:6      | Offered knowledge of Sandblast by Vehumet.
  6361 | D:6      | Reached skill level 10 in Spellcasting
  6454 | D:7      | Reached XP level 9. HP: 45/45 MP: 18/25
  6572 | D:7      | Found an iron altar of Okawaru.
  6705 | D:7      | Found a runed translucent gate.
  6706 | D:7      | Found a runed translucent gate.
  6706 | D:7      | Found a runed translucent gate.
  6772 | D:7      | Noticed lepoulpe303's ghost (novice DrHu)
  6850 | D:7      | Reached skill level 5 in Hexes
  7230 | D:7      | Killed lepoulpe303's ghost
  7344 | D:7      | Offered knowledge of Foxfire by Vehumet.
  7347 | D:7      | Learned a level 1 spell: Foxfire
  7545 | D:8      | Reached skill level 11 in Spellcasting
  7545 | D:8      | Reached skill level 10 in Conjurations
  7545 | D:8      | Reached skill level 1 in Fire Magic
  7675 | D:8      | Found Zin's Purification Station.
  7676 | D:8      | Found a glowing silver altar of Zin.
  7683 | D:8      | Reached ** piety under Vehumet
  7693 | D:8      | Reached skill level 5 in Translocations
  8211 | D:8      | Learned a level 3 spell: Conjure Flame
  8216 | D:8      | Learned a level 4 spell: Sticky Flame
  8222 | D:8      | Learned a level 5 spell: Fireball
  8318 | D:8      | Reached XP level 10. HP: 50/50 MP: 24/27
  8560 | D:9      | Found Onuf's General Store.
  8680 | D:9      | Bought 2 potions of flight for 78 gold pieces
  8680 | D:9      | Bought a scroll of magic mapping for 45 gold pieces
  8680 | D:9      | Bought a scroll of remove curse for 39 gold pieces
  8680 | D:9      | Bought a potion of curing for 39 gold pieces
  8680 | D:9      | Bought a scroll of identify for 26 gold pieces
  8847 | D:9      | Found a sacrificial altar of Ru.
  8876 | D:9      | Offered knowledge of Ignite Poison by Vehumet.
  9322 | D:10     | Entered Level 10 of the Dungeon
  9386 | D:10     | Found a staircase to the Lair.
  9577 | D:10     | Reached *** piety under Vehumet
  9577 | D:10     | Reached skill level 12 in Spellcasting
  9700 | D:10     | Found a sacrificial altar of Ru.
 10065 | D:10     | Reached skill level 5 in Fire Magic
 10330 | D:10     | Offered knowledge of Olgreb's Toxic Radiance by Vehumet.
 10738 | D:11     | Noticed an unseen horror
 10740 | D:11     | Killed an unseen horror
 10935 | D:11     | Noticed a cyan ugly thing
 10938 | D:11     | Killed a cyan ugly thing
 11008 | D:11     | Noticed a green ugly thing
 11012 | D:11     | Killed a green ugly thing
 11012 | D:11     | Reached XP level 11. HP: 54/54 MP: 17/29
 11090 | D:11     | Reached **** piety under Vehumet
 11290 | D:11     | Found a staircase to the Orcish Mines.
 11793 | Lair:1   | Entered Level 1 of the Lair of Beasts
 11798 | Lair:1   | Reached skill level 13 in Spellcasting
 12343 | Lair:1   | You fall into a shaft and drop 1 floor!
 12506 | Lair:2   | Got a pair of fading gloves
 12517 | Lair:2   | Identified the cursed -7 pair of gloves "Pota Iffadd"
                  | {rCorr Str+5} (You found it on level 2 of the Lair of
                  | Beasts)
 12950 | Lair:2   | Noticed a catoblepas
 12959 | Lair:2   | Killed a catoblepas
 13408 | Lair:2   | Offered knowledge of Static Discharge by Vehumet.
 13471 | Lair:2   | Found a transporter.
 13473 | Lair:2   | Noticed lorenzova's ghost (journeyman DECj)
 13617 | Lair:2   | Found the +1 cloak of Starlight {rElec rC+ EV+4 Stlth--}
 13628 | Lair:2   | Found a transporter.
 13977 | Lair:3   | Found a radiant altar of Vehumet.
 14024 | Lair:3   | Reached skill level 14 in Spellcasting
 14703 | Lair:3   | Found a runed translucent door.
 14704 | Lair:3   | Noticed Befuwnopp's ghost (journeyman TrHu)
 14769 | Lair:4   | Reached XP level 12. HP: 59/59 MP: 20/32
 14781 | Lair:4   | Noticed an eight-headed hydra
 14783 | Lair:4   | Killed an eight-headed hydra
 14784 | Lair:4   | Noticed a catoblepas
 15469 | Lair:4   | Found a hole to the Spider Nest.
 15598 | Lair:4   | Identified a scroll of acquirement
 15610 | Lair:4   | Acquired 470 gold pieces
 15650 | Lair:4   | Killed a catoblepas
 15878 | Lair:4   | Found a staircase to the Shoals.
 15972 | Lair:4   | Reached skill level 15 in Spellcasting
 16474 | Lair:5   | Reached skill level 10 in Fire Magic
 16510 | Lair:5   | Noticed a seven-headed hydra
 16515 | Lair:5   | Killed a seven-headed hydra
 17350 | Lair:5   | Reached ***** piety under Vehumet
 17455 | Lair:5   | You fall into a shaft and drop 1 floor!
 17455 | Lair:6   | Entered Level 6 of the Lair of Beasts
 17614 | Lair:6   | Learned a level 2 spell: Blink
 17624 | Lair:6   | Offered knowledge of Spellforged Servitor by Vehumet.
 17683 | Lair:6   | Reached XP level 13. HP: 30/63 MP: 17/34
 17879 | Lair:6   | Reached skill level 16 in Spellcasting
 18590 | Lair:5   | Learned a level 2 spell: Swiftness
 18596 | Lair:5   | Learned a level 5 spell: Lightning Bolt
 18604 | Lair:5   | Learned a level 7 spell: Spellforged Servitor
 18767 | Lair:5   | Found a staircase to the Slime Pits.
 18869 | Lair:5   | Found the +4 skin of Zhor {Englaciate rC+++ SInv}
 19262 | Lair:5   | HP: 3/63 [four-headed hydra (16)]
 19262 | Lair:5   | Mangled by a four-headed hydra

Illustrated notes

Levels and vault maps discovered:
D:1:      eino_arrival_tree_alley, layout_loops_ring, minmay_hexomino_u4
D:2:      kennysheep_the_goblin_king, layout_loops_ring, uniq_sigmund,
          uniq_robin
D:3:      layout_rooms, first_ration
D:4:      layout_basic, temple_hall, minivault_25
D:5:      layout_rooms, item_on_display_a, uniq_menkaure
D:6:      layout_gridville, overflow_temple_1_default
D:7:      layout_basic, general_overflow_altar, gammafunk_ghost_icy
D:8:      layout_basic, zin_purify
D:9:      layout_roguey, lemuel_round_altar, serial_shops, shop,
          hangedman_little_slice_of_home
D:10:     layout_layer_cave, lair_entry_dummy, serial_bayou_lagoon_a,
          nicolae_ru_sacrificial_ziggurat
D:11:     layout_irregular_city, orc_0_dummy
Temple:   eino_narrow_crystal_temple
Lair:1:   layout_misc_corridors
Lair:2:   layout_chaotic_city, gammafunk_ghost_berserking_beasts
Lair:3:   layout_loops_ring, gammafunk_ghost_grave, basic_altar
Lair:4:   layout_big_grid, minmay_shoals_entry_hut,
          nicolae_spider_entry_tight_spaces, kennysheep_basilisk_garden
Lair:5:   cheibrodos_lair_overgrown_chateau, layout_layer_cave,
          nicolae_slime_entry_slimehenge, minmay_lair_oklob_chamber
Lair:6:   hangedman_lair_tendril_chambers, layout_gridlike

Skill      XL: |  1  2  3  4  5  6  7  8  9 10 11 12 13 |
---------------+----------------------------------------+-----
Spellcasting   | 4 5 6 7 8 10 11 12 14 15 16 | 16.4
Conjurations   | 5 6 7 9 10 11 12 14 | 14.5
Hexes          | 1 3 4 6 7 9 |  9.0
Translocations | 1 2 4 5 6 |  6.0
Fire Magic     | 3 6 8 10 11 | 11.4
Dodging        | |  2.4
Stealth        | |  2.4
Summonings     | |  0.9
Air Magic      | |  0.5

Action                   |  1- 3 |  4- 6 |  7- 9 | 10-12 | 13-15 || total
-------------------------+-------+-------+-------+-------+-------++-------
Melee: Dagger            |     1 |       |       |       |       ||     1
       Scythe            |       |     7 |     3 |    15 |     6 ||    31
 Cast: Magic Dart        |    69 |    63 |   178 |   152 |     2 ||   464
       Searing Ray       |     1 |     8 |    61 |    70 |     3 ||   143
       Fulminant Prism   |       |       |    12 |    32 |    13 ||    57
       Iskenderun's Myst |       |       |       |    36 |    11 ||    47
       Fireball          |       |       |       |    65 |    26 ||    91
       Conjure Flame     |       |       |       |    10 |     3 ||    13
       Sticky Flame      |       |       |       |    25 |     9 ||    34
  Use: Scroll            |       |     7 |     8 |    13 |     1 ||    29
 Stab: Sleeping          |     1 |     1 |     1 |       |       ||     3
  Eat: Chunk             |     2 |     4 |    16 |    20 |     4 ||    46
       Ration            |       |       |       |     3 |       ||     3
Armor: Robe              |     1 |     4 |       |       |       ||     5
       Leather armour    |       |     1 |     7 |    26 |    10 ||    44
Dodge: Dodged            |     4 |    20 |    27 |    55 |    18 ||   124
